 Dungeon Crawl Stone Soup version 0.31-a0-496-g6f97920a28 (webtiles) character file.

Game seed: 17868317744714867102

1 Newt the Ruffian (level 1, -4/16 HPs)
             Began as a Draconian Shapeshifter on Aug 8, 2023.
             Frozen to death by an endoplasm (5 damage)
             ... on level 1 of the Dungeon.
             The game lasted 00:00:03 (17 turns).

Newt the Ruffian (Draconian Shapeshifter)             Turns: 17, Time: 00:00:04

Health: -4/16      AC:  4    Str: 17    XL:     1   Next: 16%
Magic:  1/1        EV: 12    Int:  8    God:
Gold:   0          SH:  0    Dex: 11    Spells: 0/0 levels left

rFire   . .          .
                       - Unarmed
rCold   . . .        (no shield)
rNeg    . . .        (body armour unavailable)
rPois   .            (helmet currently unavailable)
rElec   .            (cloak currently unavailable)
rCorr   .            (gloves currently unavailable)
SInv    .            (boots currently unavailable)
Will    .....        (no amulet)
Stlth   +            (no ring)
HPRegen 0.22/turn    (no ring)
MPRegen 0.07/turn

%: no passive effects
@: beast-form, slowed, very slow
A: beast (slay +2), AC +4, unfitting armour, cold-blooded
a: Begin Untransformation


You were on level 1 of the Dungeon.
You were a hulking beast.
You visited 1 branch of the dungeon, and saw 1 of its levels.

Inventory:

Talismans
 b - a beast talisman (active)
 c - a flux talisman
Potions
 a - a potion of lignification


   Skills:
 + Level 1.3 Fighting
 - Level 1.7 Dodging
 - Level 3.0 Unarmed Combat
 - Level 3.0 Shapeshifting


You couldn't memorise any spells.
You didn't know any spells.
Your spell library was empty.

Dungeon Overview and Level Annotations

Branches:
Dungeon (1/15)

Altars:

Shops:
D:1 (


Innate Abilities, Weirdness & Mutations

You are a hulking beast.
Your limbs bulge with bestial killing power. (Slay +2)
Your plain brown scales are hard. (AC +4)
You cannot fit into any form of body armour.
You are cold-blooded and may be slowed by cold attacks.


Message History

The Orb of Zot is coveted for many reasons.
Will you seize it for your own?
Press ? for a list of commands and other information.
Found a staircase leading out of the dungeon.
There is a fountain of clear blue water here.
You open the door.
There is an open door here.
Found a quarterstaff.
Found Veytue's Antique Weapon Shop.
A hobgoblin comes into view.
The hobgoblin shouts!
Found 6 gold pieces.
An endoplasm comes into view.
You hit the hobgoblin. You punch the hobgoblin.
You kill the hobgoblin!
An endoplasm comes into view.
The endoplasm quivers.
A bat comes into view.
You hit the endoplasm but do no damage.
The endoplasm hits you but does no damage.
The bat barely misses you.
You miss the bat. The bat hits you but does no damage.
The endoplasm barely misses you.
You hit the endoplasm. You tail-slap the endoplasm.
The endoplasm is almost dead.
The endoplasm hits you but does no damage.
The endoplasm freezes you.
You are frozen.
You feel yourself slow down. The bat barely misses you.
You barely miss the endoplasm.
The endoplasm is almost dead.
The bat hits you but does no damage. The bat barely misses you.
The endoplasm freezes you.
You are frozen.
You feel as though you will be slow longer.
The endoplasm freezes you.
You are frozen.
* * * LOW HITPOINT WARNING * * *
The bat hits you but does no damage. The endoplasm freezes you.
You are frozen.
You die...

####### ....... ...
....... ## ... .
....... ... #..!
....... ....###.#.
....... ...#$.∩.
###J.....#
#####..#.####.hJ.....#
...............b......
#)...#...........##..
..#...####.....$#
#...##...##......#
#.#.........#...... #
##..#'#..##.###+##
####⌠#### .# +⌠<⌠+


You could see 2 endoplasms and a bat.

Vanquished Creatures
  A hobgoblin (D:1)
1 creature vanquished.

Notes
Turn   | Place    | Note
-------+----------+-------------------------------------------
     0 | D:1      | Newt the Draconian Shapeshifter began the quest for the
                  | Orb.
     0 | D:1      | Reached XP level 1. HP: 16/16 MP: 1/1
     5 | D:1      | Found Veytue's Antique Weapon Shop.
    17 | D:1      | Frozen to death by an endoplasm

Illustrated notes

Levels and vault maps discovered:
D:1:      grunt_arrival_crossed_arrows, layout_basic, serial_shops,
          nicolae_diamond_shop, shop, nicolae_shop_stone,
          nicolae_shop_tiny_glass, nicolae_shop_crystal

Action                     || total
---------------------------++-------
  Melee: Unarmed           ||     5
         Tailslap          ||     1
         Punch             ||     1
 Armour: Skin              ||     5
  Dodge: Dodged            ||     4

Table legend: (Time is in decaauts)
 A = Elapsed time spent in this place.
 B = Non-inter-level travel time spent in this place.
 C = Inter-level travel time spent in this place.
 D = Time resting spent in this place.
 E = Time spent auto-exploring this place.
 F = Levels seen in this place.
 G = Mean time per level.
                   A        B        C        D        E       F      G
               +--------+--------+--------+--------+--------+-----+--------+
         Total |     16 |     16 |      0 |      0 |      4 |   1 |   16.0 |
       Dungeon |     16 |     16 |      0 |      0 |      4 |   1 |   16.0 |
               +--------+--------+--------+--------+--------+-----+--------+

Top non-repeatable levels by time:
     D:1: 16 daAuts
